 Dungeon Crawl Stone Soup version 0.20.0-15-g7f486f2 (webtiles) character file.

10195 vishdafish the Blocker (level 11, -2/67 HPs)
             Began as a Gargoyle Fighter on June 22, 2017.
             Was an Elder of Okawaru.
             Slain by a troll (6 damage)
             ... on level 12 of the Dungeon.
             The game lasted 00:30:05 (11199 turns).

vishdafish the Blocker (Gargoyle Fighter)          Turns: 11199, Time: 00:30:05

Health: -2/67      AC: 26    Str: 26    XL:     11   Next: 58%
Magic:  12/12      EV:  8    Int:  9    God:    Okawaru [****..]
Gold:   494        SH: 17    Dex: 10    Spells: 10/10 levels left

rFire    . . .     SeeInvis +   S - +1 flail (holy)
rCold    . . .     Gourm    .   c - +0 shield
rNeg     + . .     Faith    .   j - +0 plate armour
rPois    ∞         Spirit   .   z - +1 helmet
rElec    +         Reflect  +   (no cloak)
rCorr    .         Harm     .   h - +0 pair of gloves
MR       .....                  (no boots)
Stlth    ..........             o - +5 amulet of reflection
Regen    0.3/turn               t - ring of see invisible
MPRegen  0.2/turn               O - +4 ring of strength

@: barbed spikes, very slightly contaminated, invisible
A: negative energy resistance 1, electricity resistance, unbreathing,
petrification resistance, rot immunity, AC +7
a: Heroism, Renounce Religion


You were on level 12 of the Dungeon.
You worshipped Okawaru.
Okawaru was greatly pleased with you.
You were not hungry.

You visited 2 branches of the dungeon, and saw 13 of its levels.

You collected 494 gold pieces.

Inventory:

Hand Weapons
 a - a +0 flail
 v - a +0 longbow
 L - a +0 arbalest
 S - a +1 flail of holy wrath (weapon)
Missiles
 C - 176 arrows
 E - 15 bolts
Armour
 c - a +0 shield (worn)
 h - a +0 pair of gloves (worn)
 j - a +0 plate armour (worn)
 z - a +1 helmet (worn)
Jewellery
 l - an uncursed ring of protection from fire
 o - a +5 amulet of reflection (around neck)
 t - a ring of see invisible (left hand)
 O - a +4 ring of strength (right hand)
 V - an uncursed amulet of the gourmand
Wands
 d - a wand of paralysis (7/24)
 x - a wand of polymorph (15/24)
 y - a wand of random effects (0/48)
 B - a wand of polymorph (0/24)
 I - a wand of iceblast (6/15)
 J - a wand of flame (19/48)
 R - a wand of paralysis (4/24)
Scrolls
 e - 3 scrolls of magic mapping
 k - a scroll of teleportation
 m - 2 scrolls of fear {unknown}
 n - 7 scrolls of remove curse
 q - 2 scrolls of fog {unknown}
 u - a scroll of noise {unknown}
 w - 4 scrolls of enchant armour
 D - a scroll of brand weapon {unknown}
 H - a scroll of enchant weapon {unknown}
 K - a scroll of holy word {unknown}
 P - a scroll of vulnerability {unknown}
 Q - a scroll of recharging {unknown}
 T - a scroll of immolation {unknown}
Potions
 b - 4 potions of flight
 s - a potion of curing
 A - a potion of brilliance
 F - 2 potions of mutation {unknown}
 G - 2 potions of lignification
Books
 r - a book of Clouds

   Spells                             Type                      Level
   a - Poisonous Vapours              Poison/Air                   2
   b - Mephitic Cloud                 Conjuration/Poison/Air       3
   c - Conjure Flame                  Conjuration/Fire             3
   d - Freezing Cloud                 Conjuration/Ice/Air          6
   e - Ring of Flames                 Charms/Fire                  7
 U - a book of Frost

   Spells                             Type                      Level
   a - Freeze                         Ice                          1
   b - Throw Frost                    Conjuration/Ice              2
   c - Ozocubu's Armour               Charms/Ice                   3
   d - Throw Icicle                   Conjuration/Ice              4
   e - Summon Ice Beast               Ice/Summoning                4
Miscellaneous
 M - a crystal ball of energy
Comestibles
 f - 2 bread rations
 g - 5 royal jellies
 p - 4 fruits
 N - a meat ration


   Skills:
 + Level 7.0 Fighting
 + Level 9.9 Maces & Flails
 * Level 10.4 Armour
 * Level 2.5 Dodging
 - Level 1.0 Stealth
 + Level 11.0 Shields
 + Level 0.2 Unarmed Combat
 * Level 2.4 Invocations
 - Level 0.3 Evocations


You had 10 spell levels left.
You didn't know any spells.

Dungeon Overview and Level Annotations

Branches:
Dungeon (12/15)            Temple (1/1) D:6            Lair (0/6) D:10
    Orc: D:9-12

Altars:
Ashenzari
Cheibriados
Dithmenos
Elyvilon
Fedhas
Gozag
Hepliaklqana
Kikubaaqudgha
Makhleb
Nemelex Xobeh
Okawaru
Qazlal
Ru
Sif Muna
Trog
Uskayaw
Vehumet
Xom
Yredelemnul
Zin
The Shining One

Shops:
D:6 =


Innate Abilities, Weirdness & Mutations

You are resistant to torment.
Your stone body is resilient. (AC +7)
You are immune to poison.
You resist negative energy. (rN+)
You are resistant to electric shocks. (rElec)
You can survive without breathing.
You are immune to petrification.
You are immune to rotting.


Message History

You climb downwards.
A troll comes into view.
Found a potion of brilliance, 10 gold pieces and a sapphire potion.
There is a stone staircase leading up here.
You fade into invisibility!
You are very lightly contaminated with residual magic.
The barbed spikes dig painfully into your body as you move.
* * * LOW HITPOINT WARNING * * *
The troll completely misses you. You block the troll's attack. x2
You block the troll's attack. x2; The troll claws you but does no damage.
You sock the troll!
The troll is moderately wounded.
The troll bites you but does no damage. The troll claws you but does no damage.
You block the troll's attack.
You sock the troll!
The troll is heavily wounded.
You sock the troll!
The troll is severely wounded.
The troll bites you.
You die...

........
##.......
#........
#.!.....#
#.......#
#.......##
#........#
#.....T.#######
........@......+
##............##
#...###......#
#... #......#
#.. #......# ##
#......#
#...$!.#
#......#


You could see a troll.

Vanquished Creatures
  Erica (D:8)
  4 two-headed ogres
  Joseph (D:10)
  A troll (D:10)
  3 hippogriffs
  A vampire (D:9)
  6 yaks (D:10)
  A steam dragon (D:8)
  3 hungry ghosts
  2 sky beasts
  An orc warrior (D:6)
  A necrophage (D:10)
  An ice beast (D:9)
  5 ogres
  A phantom (D:5)
  6 wolves (D:10)
  The ghost of NorthaanB the Magician, an amateur DsWn of Makhleb (D:3)
  4 centaurs
  2 big kobolds
  3 bullfrogs
  A scorpion (D:8)
  7 killer bees
  4 electric eels
  2 howler monkeys
  2 crimson imps (D:5)
  A centaur zombie (D:8)
  7 hounds
  14 orc wizards
  5 jellies
  6 orc priests
  A centaur skeleton (D:5)
  2 bullfrog skeletons
  Ijyb (D:5)
  An iguana (D:6)
  6 worker ants
  A killer bee zombie (D:5)
  A hound skeleton (D:4)
  Robin (D:4)
  16 adders
  3 shadow imps
  2 oozes
  3 adder skeletons
  An adder zombie (D:5)
  3 worms
  3 dart slugs
  4 leopard geckos
  37 orcs
  7 giant cockroaches
  17 goblins
  9 hobgoblins
  7 jackals
  A quokka (D:9)
  2 ball pythons
  7 bats
  2 frilled lizards
  A jackal skeleton (D:5)
  10 kobolds
  A quokka skeleton (D:9)
  7 rats
  2 plants (Temple)
256 creatures vanquished.

Vanquished Creatures (others)
  An orc (D:8)
1 creature vanquished.

Grand Total: 257 creatures vanquished

Notes
Turn   | Place    | Note
-------+----------+-------------------------------------------
     0 | D:1      | vishdafish the Gargoyle Fighter began the quest for the Orb.
     0 | D:1      | Reached XP level 1. HP: 14/14 MP: 1/1
    31 | D:1      | Reached XP level 2. HP: 7/19 MP: 2/2
   501 | D:1      | Reached XP level 3. HP: 24/24 MP: 3/3
   979 | D:2      | Reached skill level 1 in Dodging
   983 | D:2      | Reached skill level 4 in Shields
   983 | D:2      | Reached XP level 4. HP: 16/29 MP: 4/4
  1447 | D:3      | Reached XP level 5. HP: 27/33 MP: 5/5
  1835 | D:3      | Noticed NorthaanB's ghost (amateur DsWn)
  1901 | D:3      | Killed NorthaanB's ghost
  1901 | D:3      | Reached XP level 6. HP: 34/38 MP: 6/6
  1971 | D:3      | Reached skill level 5 in Shields
  2078 | D:4      | Found a shadowy altar of Dithmenos.
  2403 | D:4      | Noticed Robin
  2423 | D:4      | Reached XP level 7. HP: 39/43 MP: 7/7
  2442 | D:4      | Killed Robin
  2812 | D:5      | Entered Level 5 of the Dungeon
  3000 | D:5      | Found a large runed door.
  3001 | D:5      | Found a large runed door.
  3088 | D:5      | Found a large runed door.
  3088 | D:5      | Found a large runed door.
  3192 | D:5      | Reached skill level 5 in Armour
  3440 | D:5      | Reached skill level 6 in Shields
  4199 | D:5      | Noticed Ijyb
  4221 | D:5      | Killed Ijyb
  4221 | D:5      | Reached XP level 8. HP: 48/48 MP: 8/8
  4324 | D:5      | Reached skill level 5 in Maces & Flails
  5456 | D:6      | Reached skill level 7 in Shields
  5473 | D:6      | Found an opulent altar of Gozag.
  5609 | D:6      | Found a staircase to the Ecumenical Temple.
  5740 | D:6      | Found Leqec's Jewellery Shoppe.
  5834 | Temple   | Entered the Ecumenical Temple
  5911 | Temple   | Became a worshipper of Warmaster Okawaru
  6555 | D:7      | Reached XP level 9. HP: 39/53 MP: 9/9
  6666 | D:7      | Reached skill level 5 in Fighting
  7287 | D:8      | Noticed a two-headed ogre
  7300 | D:8      | Killed a two-headed ogre
  7300 | D:8      | Reached skill level 1 in Stealth
  7300 | D:8      | Reached skill level 8 in Shields
  7360 | D:8      | Noticed a two-headed ogre
  7433 | D:8      | Reached * piety under Okawaru
  7716 | D:8      | Reached XP level 10. HP: 52/60 MP: 10/10
  7722 | D:8      | Reached ** piety under Okawaru
  7762 | D:8      | Noticed Erica
  7786 | D:8      | Killed Erica
  7786 | D:8      | Reached skill level 9 in Shields
  8051 | D:8      | Killed a two-headed ogre
  9285 | D:9      | Reached *** piety under Okawaru
  9285 | D:9      | Reached skill level 10 in Shields
  9522 | D:9      | Noticed a two-headed ogre
  9703 | D:9      | HP: 2/61 [two-headed ogre/giant club (24)]
  9706 | D:9      | Killed a two-headed ogre
  9706 | D:9      | Reached skill level 10 in Armour
  9706 | D:9      | Reached XP level 11. HP: 33/66 MP: 11/11
  9883 | D:10     | Entered Level 10 of the Dungeon
  9883 | D:10     | Noticed Joseph
  9883 | D:10     | Noticed a two-headed ogre
  9943 | D:9      | Killed a two-headed ogre
 10107 | D:10     | Killed Joseph
 10107 | D:10     | Reached skill level 1 in Invocations
 10320 | D:10     | Reached **** piety under Okawaru
 10337 | D:10     | Found a staircase to the Lair.
 10542 | D:10     | Reached skill level 11 in Shields
 11175 | D:11     | Noticed a manticore
 11192 | D:12     | HP: 3/67 [barbs]
 11199 | D:12     | Slain by a troll

Skill      XL: |  1  2  3  4  5  6  7  8  9 10 11 |
---------------+----------------------------------+-----
Dodging        | 1 2 |  2.5
Shields        | 4 5 6 7 8 10 11 | 11.0
Maces & Flails | 3 4 6 8 9 |  9.9
Fighting       | 4 5 6 7 |  7.0
Armour         | 4 5 7 8 10 | 10.4
Stealth        | 1 |  1.0
Invocations    | 2 |  2.4
Unarmed Combat | |  0.2
Evocations     | |  0.3

Action                   |  1- 3 |  4- 6 |  7- 9 | 10-12 || total
-------------------------+-------+-------+-------+-------++-------
Melee: Flail             |   174 |   306 |   802 |   571 ||  1853
       Unarmed           |       |       |    20 |       ||    20
Invok: Heroism           |       |       |       |     2 ||     2
Evoke: Wand              |       |       |     4 |     7 ||    11
  Use: Potion            |       |     1 |     7 |     4 ||    12
       Scroll            |       |       |     9 |     5 ||    14
 Stab: Confused          |       |       |     1 |       ||     1
  Eat: Bread ration      |     1 |       |     5 |     3 ||     9
       Chunk             |       |     2 |     4 |       ||     6
       Meat ration       |       |       |     2 |     1 ||     3
Armor: Scale mail        |    62 |       |       |       ||    62
       Plate armour      |    87 |   260 |   571 |   275 ||  1193
       Skin              |       |       |     2 |       ||     2
Dodge: Dodged            |    49 |    72 |   163 |    92 ||   376
Block: Shield            |    98 |   220 |   535 |   511 ||  1364
       Reflection        |       |       |     8 |     9 ||    17
